 Dungeon Crawl Stone Soup version 0.29-a0-416-g83a48905f1 (webtiles) character file.

Game seed: 11587462256458324429

55 dolemite99 the Bolt Thrower (level 3, -7/22 HPs)
             Began as a Gargoyle Hunter on May 16, 2022.
             Was a Believer of Zin.
             Mangled by a gnoll
             ... wielding a +0 flail of protection
              (8 damage)
             ... on level 2 of the Dungeon.
             The game lasted 00:01:50 (1604 turns).

dolemite99 the Bolt Thrower (Gargoyle Hunter)       Turns: 1604, Time: 00:01:51

Health: -7/22      AC:  9    Str: 14    XL:     3   Next: 93%
Magic:  3/3        EV:  9    Int:  9    God:    Zin [**....]
Gold:   68         SH:  0    Dex: 15    Spells: 2/2 levels left

rFire   . . .      SeeInvis .   a - +1 hand crossbow
rCold   . . .      Faith    .   (no shield)
rNeg    + . .      Spirit   .   f - +0 scale mail
rPois   ∞          Reflect  .   (no helmet)
rElec   +          Harm     .   (no cloak)
rCorr   .          Rampage  .   (no gloves)
Will    .....                   (no boots)
Stlth   ..........              (no amulet)
HPRegen 0.07/turn               (no ring)
MPRegen 0.08/turn               (no ring)

@: no status effects
A: sickness immunity, AC +3, negative energy resistance 1, electricity
resistance, torment resistance 1, petrification resistance
a: Renounce Religion, Recite, Vitalisation, Donate Gold


You were on level 2 of the Dungeon.
You worshipped Zin.
Zin was pleased with you.
You visited 1 branch of the dungeon, and saw 2 of its levels.

You collected 75 gold pieces.
You donated 7 gold pieces to Zin.

Inventory:

Hand Weapons
 a - a +1 hand crossbow (weapon)
Missiles
 i - 44 stones
Armour
 b - a +0 leather armour
 f - a +0 scale mail (worn)
Jewellery
 l - a +4 ring of protection
Scrolls
 c - a scroll of immolation
 e - a scroll of identify {unknown}
 g - a scroll of poison {unknown}
Potions
 d - a potion of curing {unknown}
 h - a potion of resistance {unknown}
 j - a potion of magic {unknown}
 k - a potion of ambrosia {unknown}
 m - a potion of degeneration {unknown}


   Skills:
 - Level 2.4 Fighting
 + Level 5.3 Crossbows
 - Level 1.5 Dodging
 - Level 1.1 Stealth


You had 2 spell levels left.
You didn't know any spells.
Your spell library contained the following spells:

 Spells                   Type           Power      Damage    Failure   Level
 Sandblast                Erth           0%         2d4       88%         1
 Passwall                 Tmut/Erth      0%         N/A       95%         2
 Stone Arrow              Conj/Erth      0%         3d7       99%         3


Dungeon Overview and Level Annotations

Branches:
Dungeon (2/15)

Altars:
Zin


Innate Abilities, Weirdness & Mutations

You are immune to sickness and miasma.
Your stone body is resilient. (AC +3)
You are immune to poison.
You resist negative energy. (rN+)
You are resistant to electric shocks. (rElec)
You are resistant to unholy torment.
You are immune to petrification.


Message History

You climb downwards.
The gnoll hits you with a +0 flail of protection. x2
There is a stone staircase leading up here.
You are too injured to fight recklessly!
You are too injured to fight recklessly!
You are too injured to fight recklessly!
Shoot: a) +1 hand crossbow
Press: ? - help, Shift-Dir - straight line, f - gnoll
Aim: a gnoll, wielding a +0 flail of protection (68% to hit)
You shoot a bolt. The bolt barely misses the gnoll.
The gnoll misses you.
Shoot: a) +1 hand crossbow
Press: ? - help, Shift-Dir - straight line, f/p - gnoll
Aim: a gnoll, wielding a +0 flail of protection (68% to hit)
You shoot a bolt. The bolt hits the gnoll.
The gnoll is lightly wounded.
The gnoll barely misses you.
The gnoll hits you with a +0 flail of protection.
Shoot: a) +1 hand crossbow
Press: ? - help, Shift-Dir - straight line, f/p - gnoll
Aim: a gnoll, wielding a +0 flail of protection (lightly wounded, 68% to hit)
You shoot a bolt.
The bolt hits the gnoll but does no damage.
The gnoll is lightly wounded.
The gnoll barely misses you.
Shoot: a) +1 hand crossbow
Press: ? - help, Shift-Dir - straight line, f/p - gnoll
Aim: a gnoll, wielding a +0 flail of protection (lightly wounded, 68% to hit)
You shoot a bolt.
The bolt hits the gnoll but does no damage.
The gnoll is lightly wounded.
The gnoll hits you with a +0 flail of protection!
* * * LOW HITPOINT WARNING * * *
The gnoll hits you with a +0 flail of protection.
* * * LOW HITPOINT WARNING * * *
Shoot: a) +1 hand crossbow
Press: ? - help, Shift-Dir - straight line, f/p - gnoll
Aim: a gnoll, wielding a +0 flail of protection (lightly wounded, 68% to hit)
You shoot a bolt. The bolt barely misses the gnoll.
The gnoll hits you with a +0 flail of protection!
You die...

#.........#............
#..................###.
#.........########.# #.
#.........##### #.# #.
#.............# #.# #.
#......)..###.# #.# #.
#.........###.####.###.
#.........##...<.†.....
#.....@...##..####.###.
#####g##.###..####.# #
#.##...........# #
#.###.###.###### #
#.....# #.# #
#....g###.#########
#.###...g..g....... #.#
####.#######.## #.# #.#
#.##


You could see a gnoll.

Vanquished Creatures
  2 gnolls (D:1)
  3 endoplasms (D:1)
  4 giant cockroaches
  2 goblins
  4 hobgoblins
  6 kobolds
  A quokka (D:1)
  4 ball pythons (D:1)
  4 bats
  2 frilled lizards (D:1)
  3 rats (D:1)
35 creatures vanquished.

Vanquished Creatures (others)
  A plant (D:1)
1 creature vanquished.

Grand Total: 36 creatures vanquished

Notes
Turn   | Place    | Note
-------+----------+-------------------------------------------
     0 | D:1      | dolemite99 the Gargoyle Hunter began the quest for the Orb.
     0 | D:1      | Reached XP level 1. HP: 12/12 MP: 1/1
   137 | D:1      | Reached XP level 2. HP: 17/18 MP: 2/2
   253 | D:1      | Found a faded altar of an unknown god.
   260 | D:1      | Prayed at the altar of an unknown god.
   260 | D:1      | Became a worshipper of Zin the Law-Giver
   260 | D:1      | Reached * piety under Zin
   540 | D:1      | Reached XP level 3. HP: 22/22 MP: 3/3
   839 | D:1      | Reached skill level 5 in Crossbows
   988 | D:2      | Reached ** piety under Zin
  1603 | D:2      | HP: 1/22 [gnoll/+0 flail of protection (3)]
  1604 | D:2      | Mangled by a gnoll

Illustrated notes

Levels and vault maps discovered:
D:1:      dpeg_arrival_snail, layout_rooms,
          shapermc_ecumenical_altar_mp_highgroup, serial_curves, eino_curves_04,
          eino_curves_04, eino_curves_02, eino_curves_04, serial_bayou_lake_a
D:2:      layout_loops_ring, minmay_misc_feat_columns

Skill      XL: |  1  2  3 |
---------------+----------+-----
Crossbows      | 5 |  5.3
Fighting       | |  2.4
Dodging        | |  1.5
Stealth        | |  1.1

Action                   || total
-------------------------++-------
 Fire: Hand crossbow     ||    94
Armor: Scale mail        ||    20
Dodge: Dodged            ||    33

Table legend: (Time is in decaauts)
 A = Elapsed time spent in this place.
 B = Non-inter-level travel time spent in this place.
 C = Inter-level travel time spent in this place.
 D = Time resting spent in this place.
 E = Time spent auto-exploring this place.
 F = Levels seen in this place.
 G = Mean time per level.
                   A        B        C        D        E       F      G
               +--------+--------+--------+--------+--------+-----+--------+
         Total |   1690 |   1649 |     41 |    393 |    917 |   2 |  845.0 |
       Dungeon |   1690 |   1649 |     41 |    393 |    917 |   2 |  845.0 |
               +--------+--------+--------+--------+--------+-----+--------+

Top non-repeatable levels by time:
     D:1: 1413 daAuts
     D:2: 276 daAuts
